[Event "Charlotte Summer IM C 2022"]
[Site "Charlotte"]
[Date "2022.07.28"]
[Round "8.5"]
[White "Xie, Bryan"]
[Black "Adewumi, Tanitoluwa"]
[Result "1-0"]
[ECO "A48"]
[WhiteElo "2191"]
[BlackElo "2309"]
[Annotator "TA"]
[PlyCount "109"]
[EventDate "2022.07.24"]
[EventType "tourn"]
[EventCountry "USA"]
[SourceTitle "playchess.com"]
[Source "ChessBase"]
[SourceQuality "1"]
[TimeControl "5400+30"]

1. d4 Nf6 2. Nf3 g6 3. Bf4 Bg7 4. e3 d6 5. h3 O-O 6. Be2 Re8 {[%emt 1:32:10] 6...c5 is the recent fashion. A48: 1 d4 Nf6 2 Nf3 g6: Torre, London and Colle Systems.} 7. O-O Bf5 8. c4 c5 {[%emt 0:00:00] The position is equal.} 9. Nc3 cxd4 10. exd4 h6 {[%emt 0:02:00] [#]} 11. Bh2 $146 ({Predecessor:} 11. Qb3 Qc8 12. Rfe1 g5 13. Bh2 Nc6 14. d5 Na5 15. Qb4 b6 16. Nd4 Bd7 17. Nb3 {0-1 (59) Pakleza,Z (2506)-Socko,B (2600) Katowice 2016}) 11... a6 12. Re1 Ne4 13. Nd5 Nf6 (13... Nc6 $11) 14. Nc3 {White is more active.} (14. Nxf6+ $14 Bxf6 15. g4) 14... Ne4 $1 $11 15. Nd5 (15. Nxe4 $11 Bxe4 16. Qd2) 15... Nf6 $14 16. Nc3 ({White should play} 16. Nxf6+ $14 Bxf6 17. g4) 16... Nc6 (16... Ne4 $1 $11) 17. d5 $1 $16 Na7 18. Rc1 Ne4 19. Nxe4 Bxe4 20. Qb3 b5 21. cxb5 ({Better is} 21. Red1 $14) 21... Bxf3 $11 22. Qxf3 Nxb5 23. Bxb5 axb5 24. Qb3 Qd7 25. Rc6 Bf6 26. Bf4 h5 27. Bd2 Qf5 28. Bc3 Bh4 29. g3 Bxg3 {[%emt 0:01:00] Black cannot hold the game after this.} 30. fxg3 $18 {[%emt 0:00:00] Threatens to win with Kg2.} Qxh3 31. Re3 e6 $2 (31... h4) 32. dxe6 Rxe6 33. Bd4 Rxe3 34. Qxe3 h4 35. Rxd6 hxg3 {[%emt 0:00:00] [#] Hoping for ...Qh2+.} 36. Rxg6+ $3 fxg6 {[%emt 0:00:41][%mdl 4096] Endgame KQR-KQB} 37. Qb3+ Kh7 (37... Kf8 $18 38. Qf3+ Ke7) 38. Qf7+ Kh6 {[%emt 0:00:08] [#]} 39. Qg7+ $1 (39. Bg7+ Kh5 40. Qf3+ Kh4 41. Qe4+ (41. Bf6+ g5 $11) 41... Qg4 42. Qh1+ (42. Qxa8 {gets mated.} Qd1+ 43. Kg2 Qe2+ 44. Kg1 Qh2+ 45. Kf1 Qf2#) (42. Bf6+ g5 $11) 42... Qh3 43. Qe4+ (43. Bf6+ g5 $11) 43... Qg4 44. Qh1+ (44. Qxa8 Qd1+ 45. Kg2 Qe2+ 46. Kg1 Qh2+ 47. Kf1 Qf2#) (44. Bf6+ g5 $11) 44... Qh3 45. Qe4+ $11 (45. Bf6+ g5 $11)) 39... Kg5 40. Be3+ Kh4 41. Qe7+ Kg4 42. Qd7+ (42. Qe6+ $142 Kf3 43. Qxh3 Ra6 44. Bf2 Rf6 45. Bxg3 Ke4 46. Qg4+ Kd5 47. Qd7+ Ke4 48. Qe7+ Kd4 49. Qxf6+ Ke3 50. Qxg6) 42... Kh4 {[%emt 0:00:00] [#]} 43. Bg5+ $1 {[%emt 0:00:00][%mdl 576] Deflection} Kxg5 44. Qxh3 {[%emt 0:00:21] KQ-KR} Ra4 45. b3 ({Not} 45. Qxg3+ Rg4 46. Kh2 Rxg3 47. Kxg3 Kf5 $11) 45... Rxa2 46. Qxg3+ {[%emt 0:00:08] White mates.} Kh6 47. Qe3+ Kh7 48. Qe7+ Kh6 49. Qb4 Kh5 50. Qxb5+ g5 51. Qe8+ Kh4 {[%emt 0:00:00] [#]} 52. Qa4+ $3 Rxa4 53. bxa4 g4 54. a5 Kh3 55. a6 {[%emt 0:00:07] Weighted Error Value: White=0.17 (very precise) /Black=0.51} 1-0

[Event "Charlotte Summer IM C 2022"]
[Site "Charlotte"]
[Date "2022.07.29"]
[Round "9.1"]
[White "Adewumi, Tanitoluwa"]
[Black "Huston, Gus"]
[Result "0-1"]
[ECO "D02"]
[WhiteElo "2309"]
[BlackElo "2282"]
[Annotator "TA"]
[PlyCount "74"]
[EventDate "2022.07.24"]
[EventType "tourn"]
[EventCountry "USA"]
[SourceTitle "playchess.com"]
[Source "ChessBase"]
[SourceQuality "1"]
[TimeControl "5400+30"]

1. d4 Nf6 2. Nf3 e6 3. Bf4 d5 4. e3 Bd6 5. Bg3 c5 6. Nbd2 O-O 7. c3 Nc6 8. Bd3 b6 9. O-O {[%emt 0:04:00] D02: 1 d4 d5 2 Nf3 sidelines, including 2...Nf6 3 g3 and 2...Nf6 3 Bf4.} Bb7 10. Ne5 Ne7 11. Qc2 {[%emt 0:00:00] The position is equal. Recently 11.Bh4 got a lot of attention.} Ng6 12. f4 {[%emt 0:01:30] [#]} cxd4 $146 (12... Rc8 $11) ({Predecessor:} 12... a5 13. a4 Ba6 14. Bxa6 Rxa6 15. Nxg6 hxg6 16. Bh4 Qc7 17. Bxf6 gxf6 18. Qd3 Raa8 {1-0 (46) Srinath,R (2363)-Pribelszky,B (2187) Zalakaros 2018}) 13. exd4 $14 Nh5 14. Rf3 a5 15. Re1 Ba6 16. Bxa6 Rxa6 17. Qd3 Ra8 18. f5 exf5 19. Nc6 Bxg3 (19... Qc7 $15 {keeps the upper hand.} 20. Bxd6 Qxd6) 20. Nxd8 $16 Bxe1 21. Nc6 (21. Rxf5 Nhf4 22. Qe3 Nxg2 23. Kxg2 Nh4+ 24. Kg1 Nxf5 25. Qxe1 Raxd8 $19) 21... Rae8 22. Nf1 ({But not} 22. Rxf5 Nhf4 23. Qb5 (23. Qc2 $2 Re2 $19) 23... Bxd2 $17) 22... Nh4 (22... f4 $16) 23. Rxf5 $2 (23. Re3 $18) 23... Nxf5 $14 24. Qxf5 g6 25. Qg5 ({Better is} 25. Qxd5 $16 Re2 26. Kh1) 25... Re2 $11 {[%emt 0:00:00] [#] Strongly threatening ...Kg7.} 26. g4 ({Don't go for} 26. Qxd5 $2 Nf4 27. Qg5 Rxg2+ 28. Qxg2 Nxg2 29. Kxg2 Bh4 $19) 26... Ng7 {[%emt 0:00:00] Chess con chili.} 27. Ne7+ Kh8 {[%emt 0:00:00] White must now prevent ...f6.} 28. Nxd5 {[%emt 0:00:00] Nf6 is the strong threat.} f5 29. Nf4 $1 {[%emt 0:00:00] Pair of Knights!} Rxb2 30. gxf5 $2 (30. Qe7 $11 {and White is okay.} Re8 31. Qf7) 30... Bxc3 $2 (30... Nxf5 $19 31. Nd3 Rb1 32. Nxe1 Rxe1) 31. Nxg6+ hxg6 $17 32. Qh4+ (32. fxg6 $17 Nf5 33. Ne3 Bxd4 34. g7+ Bxg7 35. Nxf5 Bd4+ 36. Kf1 (36. Nxd4 $2 Rg8 $19)) 32... Nh5 33. fxg6 {[%emt 0:00:29] [#]} Kg8 $1 34. Ng3 (34. a3 Re2) 34... Rb1+ 35. Nf1 Rbxf1+ (35... Rfxf1+ $142 36. Kg2 Nf4+ 37. Kg3 Be1+ 38. Kg4 Bxh4 39. Kf5 Rbe1 40. a4 Ne6+ 41. Kg4 Re4+ 42. Kh3 Rf2 43. d5 Ng5#) 36. Kg2 $19 R8f2+ 37. Kh3 Rf3+ {[%emt 0:00:00] What a bad dream for White.  Weighted Error Value: White=1.15/Black=0.53} 0-1

[Event "Charlotte Summer IM C 2022"]
[Site "Charlotte"]
[Date "2022.07.28"]
[Round "9.2"]
[White "Girones Barrios, Yans Richard"]
[Black "Xie, Bryan"]
[Result "1/2-1/2"]
[ECO "D31"]
[WhiteElo "2412"]
[BlackElo "2191"]
[Annotator "TA"]
[PlyCount "22"]
[EventDate "2022.07.24"]
[EventType "tourn"]
[EventCountry "USA"]
[SourceTitle "playchess.com"]
[Source "ChessBase"]
[SourceQuality "1"]
[TimeControl "5400+30"]

1. d4 d5 2. c4 e6 3. Nc3 Bb4 4. Nf3 dxc4 5. e3 b5 6. a4 c6 7. Be2 Nf6 8. O-O Bxc3 9. bxc3 O-O $1 {[%emt 0:00:22] D31: Queen's Gambit Declined: Semi-Slav without ...Nf6 (+ Marshall Gambit and Noteboom) and Exchange Variation lines without ...Nf6.} 10. Ne5 {[%emt 0:01:40][%mdl 1024] White has compensation.} Qc7 {[%emt 0:02:59] [#]} 11. Qc2 $146 ({Predecessor:} 11. Bf3 Bb7 12. Re1 Nbd7 13. Nxd7 Nxd7 14. e4 e5 15. d5 Nc5 16. Ba3 Nd3 17. Bxf8 Nxe1 18. Qxe1 Rxf8 19. axb5 cxb5 20. Rxa7 {0-1 (44) Antova,G-Calin,A (1628) Mureck 2011}) 11... Nbd7 {[%emt 0:00:28] An even fight not without its subleties.  Weighted Error Value: White=0.33/Black=0.07 (flawless)} 1/2-1/2

[Event "Charlotte Summer IM C 2022"]
[Site "Charlotte"]
[Date "2022.07.28"]
[Round "9.3"]
[White "Arjun, Vishnuvardhan"]
[Black "Luo, Terry"]
[Result "1/2-1/2"]
[ECO "A49"]
[WhiteElo "2273"]
[BlackElo "2204"]
[Annotator "TA"]
[PlyCount "30"]
[EventDate "2022.07.24"]
[EventType "tourn"]
[EventCountry "USA"]
[SourceTitle "playchess.com"]
[Source "ChessBase"]
[SourceQuality "1"]
[TimeControl "5400+30"]

1. Nf3 Nf6 2. g3 g6 3. Bg2 Bg7 4. O-O O-O 5. b3 d6 6. d4 c6 7. Bb2 Bg4 {[%emt 0:00:43] 7...Bf5 is the modern continuation.} 8. Nbd2 Qc8 {[%emt 0:06:30] A49: 1 d4 Nf6 2 Nf3 g6 3 g3: Anti-King's Indian systems.} 9. c4 {[%emt 0:00:34] [#]} a5 $146 ({Predecessor:} 9... Bh3 10. e4 Bxg2 11. Kxg2 Nbd7 12. e5 dxe5 13. dxe5 Ng4 14. Qe2 Qc7 15. Rfe1 Rad8 16. Rad1 Nc5 17. Ne4 Nxe4 18. Qxe4 {½-½ (52) Fressinet,L (2717)-Harikrishna,P (2726) Dubai 2014}) 10. a3 Na6 {[%emt 0:03:10] White has an edge.} 11. Rc1 Nc7 12. Qc2 Re8 13. e4 Bxf3 (13... Nd7 $14) 14. Nxf3 $16 Nd7 15. b4 (15. Rfd1 $16) 15... axb4 {[%emt 0:00:56] Weighted Error Value: White=0.21 (precise) /Black=0.17 (very precise)} 1/2-1/2

[Event "Charlotte Summer IM C 2022"]
[Site "Charlotte"]
[Date "2022.07.29"]
[Round "9.4"]
[White "Rodriguez Rivera, Pedro"]
[Black "Rodrigue-Lemieux, Shawn"]
[Result "0-1"]
[ECO "B13"]
[WhiteElo "2192"]
[BlackElo "2366"]
[Annotator "TA"]
[PlyCount "109"]
[EventDate "2022.07.24"]
[EventType "tourn"]
[EventCountry "USA"]
[SourceTitle "playchess.com"]
[Source "ChessBase"]
[SourceQuality "1"]
[TimeControl "5400+30"]

1. d4 d5 2. Nf3 c5 3. e3 cxd4 4. exd4 Nc6 5. c3 Nf6 6. Bd3 Qc7 7. h3 g6 8. O-O Bg7 9. Re1 O-O 10. Na3 {[%emt 0:11:21] B13: Caro-Kann: Exchange Variation and Panov-Botvinnik Attack.} a6 11. Nc2 b5 12. a4 {[%emt 0:01:57] White is slightly better.} Rb8 13. axb5 axb5 {[%emt 0:00:02] [#]} 14. Ne5 $146 ({Predecessor:} 14. Qe2 Bf5 15. Bxf5 gxf5 16. g3 Qb7 17. Bf4 Ra8 18. Ne5 e6 19. Nd3 Nd7 20. Bd6 {½-½ (40) Song,J (2319)-Ider,B (2234) Nimes 2009}) 14... Nxe5 $1 15. dxe5 (15. Rxe5 $5 Bb7 16. Bf4 $14 (16. Bxb5 Ne4 $15)) 15... Nd7 16. f4 Nc5 17. Nb4 Rd8 18. Be3 Nxd3 19. Qxd3 Bf5 20. Qd4 {[%emt 0:02:30] Threatens to win with Na6.} (20. Nxd5 $2 Qd7 21. Nxe7+ Qxe7 $19) 20... Rb7 (20... Qc8 $14) 21. Ra6 (21. Nxd5 $16 Qb8 22. Red1) 21... Be4 $14 22. Rc6 ({Better is} 22. Qd2 $14) 22... Qd7 $11 23. Ra1 h5 24. Rb6 $36 {[%emt 0:02:08][%mdl 2048] Black is under pressure.} Rc7 25. Qd2 Rdc8 26. Ra5 Qf5 27. Rbxb5 e6 28. Na6 Rc6 (28... Rc4 $14) 29. Nc5 $16 {[%emt 0:03:22] aiming for Nb3.} g5 30. Nxe4 (30. fxg5 $16 {Black must now prevent Rb4.} Bxe5 31. Ra1) 30... Qxe4 $14 31. Rb4 (31. fxg5 $14 Qb1+ 32. Qc1) 31... Rc4 $11 32. Raa4 ({But not} 32. fxg5 $2 Rxb4 33. Ra1 (33. cxb4 $2 {loses.} Rc2 $19) 33... Bxe5 $1 $19) 32... gxf4 33. Bxf4 Bxe5 34. Rxc4 dxc4 35. Bxe5 Qxe5 {[%emt 0:00:04][%mdl 4096] Endgame KQR-KQR} 36. Ra1 Qc5+ 37. Kh1 Qf5 {[%emt 0:00:52] Inhibits Qf4.} 38. Rd1 Rc5 39. Qe3 Kh7 40. Kg1 Re5 41. Qa7 {[%emt 0:01:19] Strongly threatening Rf1.} Re4 42. Qf2 Rf4 43. Qe3 e5 44. Re1 f6 45. Qa7+ Kg6 46. Qa8 Qe6 47. Qa7 h4 48. Qe3 Qf5 49. Rd1 Qc2 50. Qd2 {[%emt 0:01:00][%mdl 8192] This move loses the game for White.} (50. Re1 $11) 50... Qxd2 $19 51. Rxd2 {[%emt 0:00:01] [#]} Kf5 $1 52. Kh2 $2 (52. Rd6 {is a better chance.} Ke4 53. Re6) 52... Ke4 53. g3 {[%emt 0:00:00] [#]} Ke3 {[%emt 0:01:00] ( -> ...Rf2+)} 54. Rc2 (54. Rg2 hxg3+) 54... Rf2+ 55. Rxf2 {[%emt 0:00:00] Weighted Error Value: White=0.48/Black=0.07 (flawless)} 0-1

[Event "Charlotte Summer IM C 2022"]
[Site "Charlotte"]
[Date "2022.07.28"]
[Round "9.5"]
[White "Wen, Tommy"]
[Black "Venkat, Raghav"]
[Result "1/2-1/2"]
[ECO "B60"]
[WhiteElo "2040"]
[BlackElo "2227"]
[Annotator "TA"]
[PlyCount "39"]
[EventDate "2022.07.24"]
[EventType "tourn"]
[EventCountry "USA"]
[SourceTitle "playchess.com"]
[Source "ChessBase"]
[SourceQuality "1"]
[TimeControl "5400+30"]

1. e4 c5 2. Nf3 d6 3. d4 cxd4 4. Nxd4 Nf6 5. Nc3 Nc6 6. Bg5 g6 7. Bxf6 exf6 8. Qd2 (8. Bb5 $5 Bd7 9. Ba4 $14) 8... Bg7 {[%emt 0:00:00] B60: Sicilian: Richter-Rauzer: Unusual Black 6th moves and 6...Bd7 without 7 Qd2.} 9. Nb3 {[%emt 0:00:00] Pair of Knights!} (9. Bc4 {seems wilder.} f5 10. Ndb5 O-O 11. O-O-O) 9... O-O 10. O-O-O f5 {[%emt 0:00:00] The position is equal.} 11. Bd3 (11. Qxd6 $11 Qb6 12. Qc5) 11... a5 $15 {[%emt 0:01:00] [#] And now ...a4 would win.} 12. a4 $1 Nb4 {[%emt 0:00:30] [#]} 13. Kb1 $146 ({Predecessor:} 13. exf5 Nxd3+ 14. Qxd3 Bxf5 15. Qg3 Rc8 16. Nd4 Bd7 17. Ndb5 Bxb5 18. Nxb5 Qf6 19. c3 {0-1 (46) Rasmussen,A (2535)-Illescas Cordoba,M (2591) Novi Sad 2009}) 13... Bd7 14. exf5 Rc8 {[%emt 0:00:00][%cal Oc8c3] ...Rxc3! is the strong threat.} 15. Be4 gxf5 16. Bxb7 Rb8 17. Qxd6 Rxb7 18. Nc5 $1 {[%csl LRb7,LRd7][%mdl 64] Deflection, Double Attack} Rb6 (18... Bxc3 $2 19. Nxb7 Qc8 20. Qxd7 $18) 19. Qxd7 Qf6 {[%emt 0:00:30] [#]} (19... Qc8 $11 20. Qxc8 Rxc8) 20. Qd2 {[%emt 0:00:30] Weighted Error Value: White=0.10 (very precise) /Black=0.22 (precise)} (20. Nb3 $1 $16) 1/2-1/2